 Dungeon Crawl Stone Soup version 0.21-a0-216-g6d3fd91 (webtiles) character file.

73 AverageBear the Cutter (level 4, -3/27 HPs)
             Began as a Deep Elf Fighter on Aug 23, 2017.
             Killed by nerve-wracking pain
             ... invoked by Grinder
              (7 damage)
             ... on level 3 of the Dungeon.
             The game lasted 00:01:55 (1714 turns).

AverageBear the Cutter (Deep Elf Fighter)           Turns: 1714, Time: 00:01:56

Health: -3/27      AC: 13    Str: 14    XL:     4   Next: 8%
Magic:  6/6        EV:  6    Int: 11    God:
Gold:   128        SH:  8    Dex: 14    Spells: 3/3 levels left

rFire    . . .     SeeInvis .   s - +5 falchion
rCold    . . .     Gourm    .   c - +0 shield
rNeg     . . .     Faith    .   b - +0 scale mail
rPois    .         Spirit   .   (helmet restricted)
rElec    .         Reflect  .   (no cloak)
rCorr    .         Harm     .   (no gloves)
MR       .....                  x - +1 pair of boots
Stlth    ..........             (no amulet)
HPRegen  0.09/turn              r - +5 ring of protection
MPRegen  0.10/turn              (no ring)

@: no status effects
A: antennae 1, dopey 1, wild magic 1
a: no special abilities


You were on level 3 of the Dungeon.
You were not hungry.

You visited 1 branch of the dungeon, and saw 3 of its levels.

You collected 128 gold pieces.

Inventory:

Hand Weapons
 a - a +1 rapier
 s - a +5 falchion (weapon)
 v - a +1 falchion of pain
Armour
 b - a +0 scale mail (worn)
 c - a +0 shield (worn)
 i - a +0 pair of boots
 x - a +1 pair of boots (worn)
Jewellery
 r - a +5 ring of protection (left hand)
Scrolls
 h - 4 scrolls of identify
 p - a scroll of fear
 q - 4 scrolls of teleportation {unknown}
 t - 2 scrolls of amnesia {unknown}
 u - a scroll of recharging {unknown}
 y - a scroll of remove curse
Potions
 d - 2 potions of might
Comestibles
 f - 3 bread rations
 j - 2 chunks of flesh
 k - a meat ration
 l - 2 royal jellies
 o - 3 fruits


   Skills:
 - Level 2.4 Fighting
 - Level 4.2(4.3) Short Blades
 + Level 0.5(2.4) Long Blades
 - Level 2.4 Armour
 - Level 2.4 Shields


You had 3 spell levels left.
You didn't know any spells.

Dungeon Overview and Level Annotations

Branches:
Dungeon (3/15)

Altars:
Okawaru

Annotations:
D:3 Grinder


Innate Abilities, Weirdness & Mutations

You have a pair of small antennae on your head.
You are dopey. (Int -2)
Your spells are a little harder to cast, but a little more powerful.


Message History

Pain shoots through your body!
You hit Grinder.
Grinder is heavily wounded.
Grinder gestures at you. Pain shoots through your body!
* * * LOW HITPOINT WARNING * * *
You closely miss Grinder.
Grinder is heavily wounded.
Grinder hits you but does no damage.
Okay, then.
Okay, then.
You slash Grinder!
Grinder is severely wounded.
Grinder barely misses you.
You hit Grinder.
Grinder is severely wounded.
You block Grinder's attack. Grinder gestures at you.
Pain shoots through your body!
You die...

.# ########### .#
#.........######
.#
#..5...........#
.#
#.@######.####.#
.##### #..# #.#
#.# .#...# #..#
#.# #.# .#...#
#..# #.# #.#
.#...# #########.#
#.# ##...#
#......#.# #.#
##...# #......#.#
#.# ##...##
####......#.####.#
#.....#
#................#


You could see Grinder.

Vanquished Creatures
  3 adders (D:2)
  A worm (D:2)
  A dart slug (D:3)
  3 leopard geckos
  An orc (D:3)
  A giant cockroach (D:1)
  4 goblins
  4 hobgoblins (D:2)
  7 jackals (D:2)
  A quokka (D:3)
  2 bats (D:1)
  2 frilled lizards
  3 kobolds
  3 rats (D:1)
36 creatures vanquished.

Notes
Turn   | Place    | Note
-------+----------+-------------------------------------------
     0 | D:1      | AverageBear the Deep Elf Fighter began the quest for the Orb.
     0 | D:1      | Reached XP level 1. HP: 13/13 MP: 3/3
   485 | D:1      | Reached XP level 2. HP: 18/18 MP: 4/4
   635 | D:2      | Reached skill level 3 in Short Blades
   879 | D:2      | Reached XP level 3. HP: 22/22 MP: 5/5
  1148 | D:2      | Reached skill level 4 in Short Blades
  1428 | D:2      | Found an iron altar of Okawaru.
  1546 | D:3      | Reached XP level 4. HP: 20/27 MP: 6/6
  1692 | D:3      | Noticed Grinder
  1702 | D:3      | Gained mutation: You have a pair of small antennae on your head. [potion of mutation]
  1702 | D:3      | Gained mutation: You are dopey. (Int -2) [potion of mutation]
  1702 | D:3      | Gained mutation: Your spells are a little harder to cast, but a little more powerful. [potion of mutation]
  1704 | D:3      | Paralysed by Grinder for 2 turns
  1714 | D:3      | Killed from afar by Grinder

Vault maps used:
D:1:      sevenhm_arrival_forest_fort_small_1
D:2:      first_bread, okawaru_ov_weapons_minmay
D:3:      lemuel_upstairs_altar, nicolae_qazlal_eye_of_the_storm, uniq_grinder

Skill      XL: |  1  2  3 |
---------------+----------+-----
Short Blades   | 3 4 |  4.2
Fighting       | |  2.4
Long Blades    | |  0.5
Armour         | |  2.4
Shields        | |  2.4

Action                   |  1- 3 |  4- 6 || total
-------------------------+-------+-------++-------
Melee: Rapier            |   115 |       ||   115
       Falchion          |     8 |    15 ||    23
  Use: Scroll            |     3 |       ||     3
       Potion            |       |     7 ||     7
  Eat: Chunk             |     2 |     1 ||     3
Armor: Scale mail        |    44 |     6 ||    50
Dodge: Dodged            |    28 |     3 ||    31
Block: Shield            |    65 |     5 ||    70
       Rpst.: Falchion   |       |     1 ||     1

Table legend:
 A = Spawn XP
 B = Non-spawn XP
 C = Spawn XP percentage of total XP
 D = Spawn monster count
 E = Non-spawn monster count
 F = Spawn count percentage of total count
 G = Total turns spent on level
                    A         B        C        D         E        F      G
               +---------+---------+-------+---------+---------+-------+---------
         Total |       1 |     104 |   1.0 |       1 |      35 |   2.8 |  1714
               +---------+---------+-------+---------+---------+-------+---------
           D:1 |       1 |      11 |   8.3 |       1 |       8 |  11.1 |   630
           D:2 |       0 |      79 |   0.0 |       0 |      21 |   0.0 |   886
           D:3 |       0 |      14 |   0.0 |       0 |       6 |   0.0 |   198
               +---------+---------+-------+---------+---------+-------+---------
